 Dungeon Crawl Stone Soup version 0.30.1-4-g462c640d31 (webtiles) character file.

Game seed: 16785131652511456623

4279 ChiefBigBeans the Nimble (level 10, -4/57 HPs)
             Began as a Tengu Hunter on Sept 5, 2023.
             Was a Priest of Hepliaklqana.
             Slain by Grum
             ... wielding a +1 spear
              (7 damage)
             ... on level 8 of the Dungeon.
             The game lasted 00:21:35 (6659 turns).

ChiefBigBeans the Nimble (Tengu Hunter)             Turns: 6659, Time: 00:21:36

Health: -4/57      AC: 15    Str: 13    XL:     10   Next: 32%
Magic:  11/11      EV: 13    Int: 14    God:    Hepliaklqana [***...]
Gold:   228        SH:  0    Dex: 21    Spells: 9/9 levels left

rFire   + . .        l - +2 arbalest (heavy)
rCold   . . .        (shield currently unavailable)
rNeg    . . .        v - +5 chain mail {rF+}
rPois   +            (helmet restricted)
rElec   +            (no cloak)
rCorr   .            (no gloves)
SInv    .            (boots unavailable)
Will    +....        (no amulet)
Stlth   +            c - ring of willpower
HPRegen 0.29/turn    f - ring of Satisfaction {*Slow Fly rElec rPois Int+5}
MPRegen 0.12/turn

%: slow self (1%)
@: flying quickly and evasively, quick
A: reduced essence, beak, talons 3, nimble flight
a: Renounce Religion, Recall Ancestor, Ancestor Identity, Transference


You were on level 8 of the Dungeon.
You worshipped Hepliaklqana.
Hepliaklqana was most pleased with you.
You visited 1 branch of the dungeon, and saw 9 of its levels.

You collected 393 gold pieces.
You spent 165 gold pieces at shops.

Inventory:

Hand Weapons
 a - a +1 shortbow
 l - a +2 heavy arbalest (weapon)
 t - a +5 dire flail
Armour
 k - an orb of wrath
 v - a +5 chain mail of fire resistance (worn)
Jewellery
 c - a ring of willpower (left hand)
 f - the ring of Satisfaction (right hand) {*Slow Fly rElec rPois Int+5}
   (You acquired it on level 3 of the Dungeon)

   [ring of flight]

   Int:       It affects your intelligence (+5).
   rElec:     It insulates you from electricity.
   rPois:     It protects you from poison.
   Fly:       It grants you flight.
   *Slow:     It may slow you when you take damage.
 i - a +6 ring of intelligence
 p - a ring of resist corrosion
Wands
 h - a wand of light (7)
Scrolls
 b - a scroll of amnesia
 e - 6 scrolls of teleportation
 g - 2 scrolls of fear
 q - a scroll of magic mapping
 r - a scroll of blinking
 u - 9 scrolls of identify
Potions
 d - 4 potions of haste
 j - 2 potions of ambrosia
 m - a potion of brilliance
 n - 2 potions of heal wounds
 o - 2 potions of curing
 s - a potion of invisibility
 w - a potion of resistance {unknown}


   Skills:
 + Level 7.6 Fighting
 + Level 8.1 Ranged Weapons
 + Level 7.7 Armour
 + Level 8.4 Dodging
 - Level 4.6 Stealth


You had 9 spell levels left.
You didn't know any spells.
Your spell library contained the following spells:

 Spells                   Type           Power      Damage    Failure   Level
 Kiss of Death            Conj/Necr      0%         2d5       99%         1
 Sandblast                Erth           0%         2d4       99%         1
 Shock                    Conj/Air       0%         1d3       99%         1
 Sting                    Tmut/Pois      0%         1d3       99%         1
 Lesser Beckoning         Tloc           0%         N/A       99%         2
 Passwall                 Tmut/Erth      0%         N/A       99%         2
 Poisonous Vapours        Pois/Air       0%         N/A       99%         2
 Call Canine Familiar     Summ           0%         N/A       100%        3
 Confusing Touch          Hex            0%         N/A       100%        3
 Gell's Gravitas          Tloc           0%         N/A       100%        3
 Hailstorm                Conj/Ice       0%         3d3       100%        3
 Portal Projectile        Hex/Tloc       0%         N/A       100%        3
 Stone Arrow              Conj/Erth      0%         3d7       100%        3
 Swiftness                Air            0%         N/A       100%        3
 Teleport Other           Tloc           0%         N/A       100%        3
 Airstrike                Air            0%         2d(0-16)  100%        4
 Dispel Undead            Necr           0%         3d6       100%        4
 Ice Form                 Ice/Tmut       0%         N/A       100%        4
 Leda's Liquefaction      Hex/Erth       0%         N/A       100%        4
 Olgreb's Toxic Radiance  Pois           0%         N/A       100%        4
 Simulacrum               Ice/Necr       0%         N/A       100%        6


Dungeon Overview and Level Annotations

Branches:
Dungeon (9/15)             Temple (0/1) D:4
   Lair: D:8-11         Orc: D:9-12

Altars:
Cheibriados
Elyvilon
Hepliaklqana
Nemelex Xobeh
Okawaru
Trog
Zin

Shops:
D:1 ?   D:3 (   D:5 [?=(

Annotations:
D:8 Grum


Innate Abilities, Weirdness & Mutations

Your life essence is reduced to manifest your ancestor. (-10% HP)
You have a beak for a mouth.
You have claws for feet.
Your magical nature lets you fly swiftly and evasively.


Message History

You hear a howl!
Grum hits you from afar with a +1 spear.
Grum hits you from afar with a +1 spear!
You shoot a bolt. The bolt hits the wolf!
The wolf is heavily wounded.
The wolf bites you. The wolf closely misses you. Grum completely misses you.
The wolf barely misses you. Grum hits you but does no damage.
The wolf barely misses you.
Grum hits you from afar with a +1 spear!
You shoot a bolt. The bolt hits the wolf.
The wolf is almost dead.
The wolf bites you but does no damage. The wolf barely misses you.
The wolf closely misses you. Grum misses you.
The wolf bites you but does no damage.
Grum hits you from afar with a +1 spear.
The wolf bites you. Grum hits you but does no damage.
You are too injured to fight recklessly!
You are too injured to fight recklessly!
You are too injured to fight recklessly!
Fire: l) +2 arbalest (heavy)
Press: ? - help, Q - select action, (/) - cycle Shift-Dir - straight line, f/p - wolf
Aim: a wolf (almost dead, 52% to hit)
You shoot a bolt. The bolt hits the wolf.
The wolf is almost dead.
The wolf closely misses you. The wolf bites you. Grum closely misses you.
The wolf bites you.
Grum hits you from afar with a +1 spear.
* * * LOW HITPOINT WARNING * * *
The wolf bites you!
* * * LOW HITPOINT WARNING * * *
Fire: l) +2 arbalest (heavy)
Press: ? - help, Q - select action, (/) - cycle Shift-Dir - straight line, f/p - wolf
Aim: a wolf (almost dead, 52% to hit)
You shoot a bolt. The bolt misses the wolf.
The wolf completely misses you. The wolf bites you!
* * * LOW HITPOINT WARNING * * *
Grum barely misses you. The wolf bites you but does no damage.
Grum says, "I'm selling these fine leather pelts."
Grum hits you from afar with a +1 spear!
You die...

### #....# ..
#..#####..## ...
#....###.#.. #..
#####.....#....# #..#
....<....#.#...
.#...####...........#...
........##.........##...
.....gh..#.........##...
#@..........###...
##.........######.
####.#.#...#...##
##...###....⌠...
#....####.#...##
#..#......#####.
####.##.#.......
#.####.#..... #
#..###.......


You could see Grum and a wolf.

Vanquished Creatures
  A steam dragon (D:7)
  3 water moccasins
  An ice beast (D:7)
  2 orc warriors (D:8)
  A sky beast (D:8)
  A black bear (D:4)
  3 ogres
  3 wolves (D:8)
  A centaur (D:5)
  2 bullfrogs
  3 scorpions
  3 wights (D:7)
  4 killer bees (D:8)
  2 howler monkeys (D:5)
  A wyvern simulacrum (D:5)
  A jelly (D:7)
  A water moccasin simulacrum (D:5)
  2 gnoll boudas
  4 orc priests
  3 iguanas (D:5)
  5 orc wizards
  A bullfrog simulacrum (D:5)
  8 gnolls
  10 adders
  A howler monkey simulacrum (D:5)
  2 white imps
  3 dart slugs
  15 orcs
  6 ball pythons
  6 endoplasms
  2 giant cockroaches
  11 goblins
  9 hobgoblins
  5 jackals (D:2)
  2 quokkas
  3 bats
  3 frilled lizards
  16 kobolds
  5 rats (D:1)
155 creatures vanquished.

Vanquished Creatures (collateral kills)
  Prince Ribbit (D:7)
  A wyvern (D:6)
  A water moccasin (D:6)
  A sky beast (D:7)
  An ice beast (D:5)
  A kobold brigand (D:6)
  A bullfrog (D:6)
  A scorpion (D:7)
  6 wights (D:7)
  An orc priest (D:6)
  An iguana (D:7)
  A sleepcap (D:7)
  The ghost of gdog the Covert, a weakling GnDe (D:5)
  A bullfrog simulacrum (D:5)
  A gnoll (D:7)
  2 orcs
22 creatures vanquished.

Vanquished Creatures (others)
  An ice beast (D:7)
  A gnoll (D:6)
  3 ancestors
5 creatures vanquished.

Grand Total: 182 creatures vanquished

Notes
Turn   | Place    | Note
-------+----------+-------------------------------------------
     0 | D:1      | ChiefBigBeans the Tengu Hunter began the quest for the Orb.
     0 | D:1      | Reached XP level 1. HP: 12/12 MP: 2/2
    63 | D:1      | Reached XP level 2. HP: 17/17 MP: 3/3
   256 | D:1      | Reached XP level 3. HP: 22/22 MP: 4/4
   279 | D:1      | Found The Oracle's Delphic Readings.
   726 | D:2      | Found a bloodstained altar of Trog.
   888 | D:2      | Reached XP level 4. HP: 22/27 MP: 5/5
  1332 | D:3      | Identified a scroll of acquirement
  1334 | D:3      | Reached skill level 1 in Armour
  1335 | D:3      | Acquired the ring of Satisfaction {*Slow Fly rElec rPois
                  | Int+5}
  1344 | D:3      | Found a snail-covered altar of Cheibriados.
  1363 | D:3      | Found a hazy altar of Hepliaklqana.
  1405 | D:3      | Became a worshipper of Hepliaklqana the Forgotten
  1866 | D:3      | Found Qasowuwk's Antique Weapon Emporium.
  1973 | D:3      | Reached * piety under Hepliaklqana
  2142 | D:4      | Gained mutation: Your magical nature lets you fly swiftly
                  | and evasively. [Tengu growth]
  2142 | D:4      | Reached XP level 5. HP: 28/28 MP: 6/6
  2528 | D:4      | Reached XP level 6. HP: 33/33 MP: 7/7
  2701 | D:4      | Found a staircase to the Ecumenical Temple.
  2729 | D:4      | Found an iron altar of Okawaru.
  2888 | D:5      | Entered Level 5 of the Dungeon
  2888 | D:5      | Found Hiawkug's Antique Armour Boutique.
  2896 | D:5      | Bought a runed chain mail for 165 gold pieces
  3089 | D:5      | Noticed a black bear
  3110 | D:4      | Killed a black bear
  3277 | D:5      | Reached XP level 7. HP: 38/38 MP: 8/8
  3465 | D:5      | Noticed gdog's ghost (weakling GnDe)
  3513 | D:5      | Reached skill level 5 in Dodging
  3603 | D:5      | Found Lyim Poh's Antique Weapon Emporium.
  3607 | D:5      | Found Zirefeud's Jewellery Shoppe.
  3640 | D:5      | Reached XP level 8. HP: 12/43 MP: 9/9
  3764 | D:5      | Reached skill level 5 in Ranged Weapons
  3789 | D:5      | Found a runed translucent gate.
  3789 | D:5      | Found a runed translucent gate.
  3789 | D:5      | Found a runed translucent gate.
  3820 | D:5      | Found Fudeq's Magic Scroll Shop.
  3875 | D:5      | Reached ** piety under Hepliaklqana
  4034 | D:5      | Killed gdog's ghost
  4043 | D:5      | HP: 1/43 [water moccasin simulacrum (6)]
  4057 | D:5      | Reached skill level 5 in Fighting
  4713 | D:6      | Remembered your ancestor Dagmar as a knight
  4737 | D:6      | Reached skill level 5 in Armour
  4815 | D:6      | Noticed a wyvern
  4829 | D:6      | Killed a wyvern
  4831 | D:6      | Reached XP level 9. HP: 46/49 MP: 10/10
  5256 | D:7      | Found a sparkling altar of Nemelex Xobeh.
  5371 | D:7      | Noticed Prince Ribbit
  5388 | D:7      | Killed Prince Ribbit
  5643 | D:7      | Reached XP level 10. HP: 42/56 MP: 11/11
  5725 | D:7      | Found a glowing silver altar of Zin.
  5726 | D:7      | Noticed an angel
  6318 | D:8      | Reached *** piety under Hepliaklqana
  6430 | D:8      | Noticed a manticore
  6431 | D:8      | Noticed a centaur warrior
  6432 | D:8      | Noticed a centaur warrior
  6434 | D:8      | Noticed a manticore
  6436 | D:8      | Noticed a cyclops
  6571 | D:8      | Found a white marble altar of Elyvilon.
  6652 | D:8      | Noticed Grum
  6659 | D:8      | Slain by Grum

Illustrated notes

Levels and vault maps discovered:
D:1:      dpeg_arrival_rooms_with_view, layout_rooms,
          nicolae_nh_oracle_at_delphi
D:2:      minmay_skewed_foursquare, layout_basic, basic_altar,
          minmay_heptomino_h4
D:3:      layout_loops_corners, lemuel_doored_altar,
          nicolae_hepliaklqana_hazy_memory, serial_shops, shop
D:4:      layout_basic, mainiacjoe_overflow_small_starburst,
          minmay_temple_entry_trees
D:5:      layout_rooms, serial_shops, shop, shop, nicolae_stop_n_shop_1, shop,
          gammafunk_ghost_icy, minmay_misc_feat_square, nicolae_zen_rock_garden
D:6:      layout_loops_cross, water_boxes_lemuel
D:7:      layout_cave_pools, zin_angel,
          mainiacjoe_overflow_concentric_impassable, uniq_prince_ribbit1
D:8:      layout_cave_pools, elyvilon_altar_1, marbit_many_paths,
          onia_ninara_dug_in_and_dangerous, uniq_grum
D:9:      layout_irregular_city, kennysheep_vampire_church, david_lair_shrubbed,
          uniq_maggie

Skill      XL: |  1  2  3  4  5  6  7  8  9 10 |
---------------+-------------------------------+-----
Stealth        | 2 3 4 |  4.6
Dodging        | 3 4 5 6 7 8 |  8.4
Armour         | 1 2 3 4 5 7 |  7.7
Fighting       | 3 4 5 7 |  7.6
Ranged Weapons | 6 7 8 |  8.1

Action                     |  1- 3 |  4- 6 |  7- 9 | 10-12 || total
---------------------------+-------+-------+-------+-------++-------
  Melee: Dire flail        |       |       |       |     8 ||     8
         Kick              |       |       |       |     5 ||     5
         Peck              |       |       |       |     3 ||     3
   Fire: Shortbow          |    92 |   178 |   274 |    15 ||   559
         Arbalest          |       |       |       |    34 ||    34
 Invoke: Recall Ancestor   |       |       |     1 |       ||     1
         Ancestor Life: Kn |       |       |     1 |       ||     1
    Use: Scroll            |       |    10 |     5 |       ||    15
         Potion            |       |     9 |     5 |       ||    14
 Armour: Leather armour    |     3 |       |       |       ||     3
         Scale mail        |     5 |    46 |       |       ||    51
         Chain mail        |       |    24 |   109 |    23 ||   156
  Dodge: Dodged            |    27 |    82 |   117 |    34 ||   260
